 Dungeon Crawl Stone Soup version 0.19.5 (webtiles) character file.

6351 noproperty the Merchant of Misery (level 11, -7/84 HPs)
             Began as a Human Necromancer on Mar 19, 2017.
             Was a Believer of Kikubaaqudgha.
             Mangled by a yak (16 damage)
             ... on level 13 of the Dungeon.
             The game lasted 01:18:34 (7678 turns).

noproperty the Merchant of Misery (HuNe)            Turns: 7678, Time: 01:18:34

Health: -7/84      AC:  6    Str: 10    XL:     11   Next: 17%
Magic:  22/22      EV: 14    Int: 18    God:    Kikubaaqudgha [**....]
Gold:   248        SH:  0    Dex: 13    Spells: 7 memorised, 6 levels left

rFire  . . .     SeeInvis .     u - +5 great sword
rCold  + . .     Gourm    .     d - +1 leather armour
rNeg   . . .     Faith    .     (shield currently unavailable)
rPois  +         Spirit   .     (no helmet)
rElec  .         Reflect  .     (no cloak)
rCorr  .         Harm     .     (no gloves)
MR     .....                    o - +0 pair of boots
Stlth  ++........               f - amulet of regeneration
                                D - ring of protection from cold
                                A - ring of poison resistance

@: exhausted, very slightly contaminated, slowed, very slow
A: no striking features
a: Receive Corpses, Renounce Religion


You were on level 13 of the Dungeon.
You worshipped Kikubaaqudgha.
Kikubaaqudgha was pleased with you.
You were hungry.

You visited 3 branches of the dungeon, and saw 15 of its levels.

You collected 488 gold pieces.
You spent 240 gold pieces at shops.

Inventory:

Hand Weapons
 e - a +0 dagger
 h - a +0 short sword
 k - a +0 long sword
 u - a +5 great sword (weapon)
 w - a +0 mace
 y - a +2 dagger of electrocution
Missiles
 i - 12 javelins
 O - 3 exploding tomahawks (quivered)
Armour
 a - a +0 robe
 d - a +1 leather armour (worn)
 j - a +0 leather armour
 o - a +0 pair of boots (worn)
 v - a +1 chain mail of poison resistance
 K - a cursed +0 chain mail
Rods
 Q - a +1 iron rod (9/9)
   (You found it on level 12 of the Dungeon)
Jewellery
 f - an amulet of regeneration (around neck)
 l - an uncursed ring of positive energy {unknown}
 A - a ring of poison resistance (left hand)
 D - a ring of protection from cold (right hand)
Wands
 B - a wand of paralysis (9/24)
 I - a wand of flame (9/48)
 L - a wand of lightning (6/15)
Scrolls
 g - 8 scrolls of identify
 x - 3 scrolls of recharging
 N - 2 scrolls of magic mapping {unknown}
 P - a scroll of enchant armour
 R - a scroll of remove curse
Potions
 m - a potion of curing
 q - 3 potions of flight
 s - a potion of mutation
 F - a potion of might
Books
 b - a book of Necromancy

   Spells                             Type                      Level
   a - Pain                           Necromancy                   1
   b - Animate Skeleton               Necromancy                   1
   c - Vampiric Draining              Necromancy                   3
   d - Regeneration                   Charms/Necromancy            3
   e - Animate Dead                   Necromancy                   4
   f - Control Undead                 Necromancy                   4
 E - Kikubaaqudgha's Disquisition on Black Rites
   (Kikubaaqudgha gifted it to you on level 9 of the Dungeon)

   Spells                             Type                      Level
   a - Pain                           Necromancy                   1
   b - Corpse Rot                     Necromancy                   2
   c - Sublimation of Blood           Necromancy                   2
   d - Vampiric Draining              Necromancy                   3
   e - Control Undead                 Necromancy                   4
Comestibles
 c - 4 bread rations
 z - 2 beef jerkies
 C - a meat ration
 J - 2 slices of pizza


   Skills:
 * Level 7.3 Fighting
 - Level 0.6(2.6) Short Blades
 + Level 4.1 Long Blades
 + Level 6.4 Armour
 + Level 5.8 Dodging
 - Level 2.0 Stealth
 * Level 7.4 Spellcasting
 * Level 8.6 Necromancy


You had 6 spell levels left.
You knew the following spells:

 Your Spells              Type           Power        Failure   Level  Hunger
a - Pain                  Necr           ####         1%          1    None
c - Control Undead        Necr           #####.....   4%          4    ###....
e - Sublimation of Blood  Necr           #####.....   1%          2    None
k - Animate Skeleton      Necr           N/A          1%          1    None
n - Animate Dead          Necr           N/A          4%          4    ###....
r - Regeneration          Chrm/Necr      ###.......   10%         3    #......
v - Vampiric Draining     Necr           #####.....   1%          3    #......


Dungeon Overview and Level Annotations

Branches:
Dungeon (13/15)            Temple (1/1) D:4             Orc (1/2) D:10
   Lair: D:8-11      Vaults: D:13-14

Altars:
Ashenzari
Cheibriados
Dithmenos
Elyvilon
Fedhas
Gozag
Kikubaaqudgha
Makhleb
Nemelex Xobeh
Okawaru
Qazlal
Ru
Sif Muna
Trog
Uskayaw
Vehumet
Xom
Yredelemnul
Zin
The Shining One

Shops:
D:6 =   D:9 *   D:11 !

Annotations:
D:3 Jessica
D:6 Menkaure
D:8 Blork the orc


Message History

The yak is lightly wounded.
The bolt of lightning hits the yak.
The yak is severely wounded.
The bolt of lightning hits the yak.
The yak appears unharmed.
The yak is severely wounded.
The bolt of lightning misses the orc. x2; This wand has 6 charges left.
You hear a shout!
The yak gores you!
* * * LOW HITPOINT WARNING * * *
The yak closely misses you.
You riposte.
You hit the yak.
The yak is lightly wounded.
The yak barely misses you.
You riposte.
You completely miss the yak.
The yak is severely wounded.
The yak closely misses you. The yak barely misses you. The yak misses you.
You riposte.
You slice the yak!!
You kill the yak!
Kikubaaqudgha accepts your kill. The yak gores you!
You die...
Kikubaaqudgha rasps: "You have failed me!
Welcome... death!"

...# ...# ...# ...##
....# ....# ....#
##############
....###......5YY...#
...........)..oY@..#
.........C)..)oo...#
Y.........)#########
...........#
.........(.#
#.#######..# #. #..#
#. ...# #).#


You could see a cyclops, 3 yaks, a crimson imp and 3 orcs.

Vanquished Creatures
  A hill giant (D:13)
  A two-headed ogre (D:11)
  3 hippogriffs
  6 yaks
  A wyvern (D:8)
  2 hungry ghosts
  A water moccasin (D:10)
  An ice beast (D:9)
  A sky beast (D:9)
  5 orc warriors
  A black bear (D:7)
  4 ogres
  7 centaurs
  3 bullfrogs
  A gnoll sergeant (D:8)
  3 scorpions
  2 killer bees
  2 howler monkeys
  A crimson imp (D:5)
  3 hounds
  7 orc priests
  10 orc wizards
  An iguana (D:9)
  12 worker ants
  A worker ant zombie (D:7)
  12 adders
  A white imp (D:8)
  2 leopard geckos
  41 orcs
  A giant cockroach (D:3)
  6 goblins
  7 hobgoblins
  5 jackals
  4 quokkas
  7 bats
  3 frilled lizards
  6 kobolds
  7 rats
182 creatures vanquished.

Vanquished Creatures (collateral kills)
  A troll (D:11)
  A yak (D:9)
  A black bear (D:9)
  2 ogres
  2 bullfrogs (D:11)
  4 wights (D:9)
  A worker ant (D:5)
  A shadow imp (D:9)
  A leopard gecko (D:3)
  4 orcs
  A giant cockroach (D:4)
  A hobgoblin (D:1)
  A bat (D:3)
21 creatures vanquished.

Grand Total: 203 creatures vanquished

Notes
Turn   | Place    | Note
-------+----------+-------------------------------------------
     0 | D:1      | noproperty the Human Necromancer began the quest for the Orb.
     0 | D:1      | Reached XP level 1. HP: 13/13 MP: 3/3
    89 | D:1      | Learned a level 1 spell: Animate Skeleton
   141 | D:1      | Reached XP level 2. HP: 14/20 MP: 1/5
   330 | D:2      | Reached XP level 3. HP: 15/25 MP: 2/6
   335 | D:2      | Learned a level 3 spell: Vampiric Draining
   377 | D:2      | Reached skill level 1 in Fighting
   760 | D:2      | Found a faded altar of an unknown god.
   766 | D:2      | Reached XP level 4. HP: 29/32 MP: 4/8
  1058 | D:5      | Entered Level 5 of the Dungeon
  1077 | D:5      | Noticed an ogre
  1172 | D:3      | Reached XP level 5. HP: 32/38 MP: 4/9
  1257 | D:3      | Noticed Jessica
  1360 | D:1      | Reached skill level 1 in Armour
  1651 | D:6      | Found Kasetobb's Jewellery Shop.
  1819 | D:6      | Noticed Menkaure
  1914 | D:7      | Noticed a bullfrog
  1923 | D:7      | Killed a bullfrog
  1923 | D:7      | Reached XP level 6. HP: 17/46 MP: 1/10
  2006 | D:7      | Noticed a hungry ghost
  2164 | D:6      | Learned a level 4 spell: Animate Dead
  2249 | D:6      | Noticed an orc warrior
  2329 | D:5      | Reached skill level 5 in Necromancy
  2360 | D:5      | Found a sacrificial altar of Ru.
  2401 | D:5      | Found a blossoming altar of Fedhas.
  2401 | D:5      | Found a glowing golden altar of the Shining One.
  2555 | D:3      | Reached XP level 7. HP: 51/51 MP: 8/12
  2817 | D:4      | Learned a level 4 spell: Control Undead
  3674 | D:4      | Found a staircase to the Ecumenical Temple.
  3679 | Temple   | Entered the Ecumenical Temple
  3792 | Temple   | Became a worshipper of Kikubaaqudgha
  3826 | D:5      | Reached XP level 8. HP: 58/59 MP: 8/14
  4374 | D:7      | You fall through a shaft for 2 floors!
  4549 | D:9      | Found a burning altar of Makhleb.
  4557 | D:9      | Reached * piety under Kikubaaqudgha
  4557 | D:9      | Identified Kikubaaqudgha's Disquisition on Black Rites (Kikubaaqudgha gifted it to you on level 9 of the Dungeon)
  4557 | D:9      | Received a gift from Kikubaaqudgha
  4560 | D:9      | Found an iron altar of Okawaru.
  4688 | D:8      | Reached skill level 6 in Necromancy
  4706 | D:8      | Noticed Blork the orc
  4739 | D:9      | Found Xiamuobb's Assorted Antiques.
  4838 | D:9      | Found a sacrificial altar of Ru.
  4934 | D:8      | Noticed a hippogriff
  5073 | D:7      | Reached XP level 9. HP: 64/66 MP: 12/16
  5151 | D:7      | Reached skill level 1 in Long Blades
  5209 | D:8      | Killed a hippogriff
  5209 | D:8      | Reached skill level 5 in Spellcasting
  5215 | D:7      | Learned a level 2 spell: Sublimation of Blood
  5219 | D:7      | Learned a level 3 spell: Regeneration
  5300 | D:8      | Reached skill level 5 in Fighting
  5360 | D:8      | Noticed a polar bear
  5531 | D:9      | Noticed a troll
  5534 | D:10     | Entered Level 10 of the Dungeon
  5543 | D:10     | Reached skill level 5 in Armour
  5653 | D:11     | Noticed a green ugly thing
  5654 | D:11     | Noticed a red ugly thing
  5752 | D:9      | Reached skill level 7 in Necromancy
  6039 | D:9      | Reached XP level 10. HP: 55/76 MP: 7/19
  6184 | D:9      | Reached skill level 5 in Dodging
  6221 | D:9      | Gained mutation: Your magical capacity is low. (-10% MP) [potion of mutation]
  6221 | D:9      | Gained mutation: Your spells are a little harder to cast, but a little more powerful. [potion of mutation]
  6221 | D:9      | Gained mutation: You expend magic power (3 MP) to strengthen your wands. [potion of mutation]
  6224 | D:9      | Lost mutation: You expend magic power (3 MP) to strengthen your wands. [potion of cure mutation]
  6224 | D:9      | Lost mutation: Your spells are a little harder to cast, but a little more powerful. [potion of cure mutation]
  6224 | D:9      | Lost mutation: Your magical capacity is low. (-10% MP) [potion of cure mutation]
  6430 | D:10     | Noticed a hill giant
  6630 | D:10     | Reached ** piety under Kikubaaqudgha
  6789 | D:10     | Found a staircase to the Orcish Mines.
  6824 | Orc:1    | Entered Level 1 of the Orcish Mines
  6824 | Orc:1    | Noticed an orc knight
  6970 | D:12     | Noticed a purple ugly thing
  6990 | D:11     | Found Yshri Leu's Distillery.
  6996 | D:11     | Bought a potion of might for 64 gold pieces
  6996 | D:11     | Bought a potion of curing for 48 gold pieces
  6996 | D:11     | Bought a potion of berserk rage for 80 gold pieces
  6996 | D:11     | Bought a potion of curing for 48 gold pieces
  7150 | D:11     | Reached skill level 8 in Necromancy
  7252 | D:12     | Noticed a hill giant
  7422 | D:12     | Noticed a cyan ugly thing
  7430 | D:12     | HP: 3/77 [cyan ugly thing (17)]
  7457 | D:12     | Noticed a hill giant
  7605 | D:12     | Reached XP level 11. HP: 17/84 MP: 14/21
  7625 | D:13     | Noticed a hill giant
  7630 | D:13     | Noticed a cyclops
  7654 | D:13     | Killed a hill giant
  7678 | D:13     | Mangled by a yak

Skill      XL: |  1  2  3  4  5  6  7  8  9 10 11 |
---------------+----------------------------------+-----
Fighting       | 1 2 3 4 5 7 |  7.3
Armour         | 2 3 4 5 6 |  6.4
Spellcasting   | 3 4 6 7 |  7.4
Dodging        | 3 4 5 |  5.8
Necromancy     | 5 6 7 8 |  8.6
Long Blades    | 2 3 4 |  4.1
Short Blades   | |  0.6
Stealth        | |  2.0

Action                   |  1- 3 |  4- 6 |  7- 9 | 10-12 || total
-------------------------+-------+-------+-------+-------++-------
Melee: Dagger            |     2 |       |    43 |       ||    45
       Long sword        |     6 |       |       |       ||     6
       Short sword       |       |     8 |       |       ||     8
       Great sword       |       |       |    12 |    35 ||    47
 Cast: Pain              |    38 |    93 |   262 |   172 ||   565
       Animate Skeleton  |    11 |    14 |    17 |    21 ||    63
       Vampiric Draining |     4 |     2 |     9 |     8 ||    23
       Animate Dead      |       |     2 |     2 |       ||     4
       Control Undead    |       |       |     9 |       ||     9
       Sublimation of Bl |       |       |    13 |    43 ||    56
       Regeneration      |       |       |     5 |    31 ||    36
Evoke: Wand              |       |       |     4 |    15 ||    19
       Rod               |       |       |       |     1 ||     1
  Use: Scroll            |       |     4 |     5 |     7 ||    16
       Potion            |       |       |       |    15 ||    15
 Stab: Sleeping          |     1 |     2 |     1 |     1 ||     5
       Paralysed         |       |       |       |    12 ||    12
  Eat: Chunk             |     1 |     4 |    12 |     8 ||    25
       Bread ration      |       |       |     1 |       ||     1
       Royal jelly       |       |       |       |     1 ||     1
Armor: Robe              |     2 |     9 |       |       ||    11
       Leather armour    |       |     6 |    39 |    35 ||    80
Dodge: Dodged            |    20 |    52 |   136 |   120 ||   328
       Rpst.: Long sword |     3 |       |       |       ||     3
       Great sword       |       |       |    15 |    29 ||    44
